 Dungeon Crawl Stone Soup version 0.20-a0-509-ga2a529b (webtiles) character file.

29 Kaname the Charmwright (level 3, 24/27 HPs)
             Began as a Demonspawn Skald on Jan 22, 2017.
             Quit the game on level 1 of the Dungeon.
             The game lasted 00:03:26 (856 turns).

Kaname the Charmwright (Demonspawn Skald)            Turns: 856, Time: 00:03:27

Health: 24/27      AC:  3    Str: 11    XL:     3   Next: 1%
Magic:  6/6        EV: 11    Int: 15    God:
Gold:   23         SH:  0    Dex: 12    Spells: 5/6 levels left

rFire    . . .     SeeInvis .   a - +0 spear
rCold    + . .     Gourm    .   b - +0 leather armour
rNeg     . . .     Faith    .   (no shield)
rPois    .         Spirit   .   (no helmet)
rElec    .         Reflect  .   (no cloak)
rCorr    .         Harm     .   (no gloves)
MR       .....                  (no boots)
Stlth    +.........             (no amulet)
Regen    0.1/turn               (no ring)
                                (no ring)

@: no status effects
A: hooves 1, cold resistance 1
a: no special abilities


You were on level 1 of the Dungeon.
You were not hungry.

You visited 1 branch of the dungeon, and saw 1 of its levels.

You collected 23 gold pieces.

Inventory:

Hand Weapons
 a - a +0 spear (weapon)
Armour
 b - a +0 leather armour (worn)
Scrolls
 e - a scroll of remove curse {unknown}
Potions
 f - 2 potions of curing {unknown}
Books
 c - a book of Battle

   Spells                             Type                      Level
   a - Infusion                       Charms                       1
   b - Shroud of Golubria             Charms/Translocation         2
   c - Song of Slaying                Charms                       2
   d - Spectral Weapon                Hexes/Charms                 3
   e - Regeneration                   Charms/Necromancy            3
Comestibles
 d - a bread ration


   Skills:
 - Level 2.0 Fighting
 + Level 2.9 Polearms
 - Level 0.8 Armour
 - Level 1.7 Dodging
 - Level 2.0 Spellcasting
 - Level 3.0 Charms


You had 5 spell levels left.
You knew the following spells:

 Your Spells              Type           Power        Failure   Level  Hunger
a - Infusion              Chrm           ##..         10%         1    #......


Dungeon Overview and Level Annotations

Branches:
Dungeon (1/15)

Altars:


Innate Abilities, Weirdness & Mutations

You have large cloven feet.
Your flesh is cold resistant. (rC+)


Message History

Aim: a goblin, wielding a club You reach to attack!
You barely miss the goblin.
Attack whom?
Press: ? - help, Dir - move target cursor, f/p - goblin
Aim: a goblin, wielding a club You reach to attack!
You hit the goblin.
The goblin is heavily wounded.
The goblin misses you.
You miss the goblin.
The goblin is heavily wounded.
You hit the goblin.
You kill the goblin!
You have reached level 3!
Your experience leads to an increase in your attributes!
Increase (S)trength, (I)ntelligence, or (D)exterity?
You feel clever.
You feel monstrous as your demonic heritage exerts itself.
Your demonic ancestry asserts itself...
Your feet thicken and deform.
Are you sure you want to abandon this character and quit the game? (Confirm with "yes".)

#)#.........÷....#..#### #.###.
#.#.#..........#.....÷.####....)
#...#................#...######.
###.......#.##........#.#.#......
....................#.#.#.#.#####
###.####.#..........#.###.#.#####
#.##.#....##......#.# #.#.#....
#.##..........)...#.# #.#.#.##.
#.#####....#..@####.# #.....##.
#.# #....#........# ###...... #.#
#.#....#......# #######
#.#####.####.######.# #.......#
#.# # ######### ###


There were no monsters in sight!

Vanquished Creatures
  2 dart slugs (D:1)
  3 leopard geckos (D:1)
  2 bats (D:1)
  A goblin (D:1)
  6 hobgoblins (D:1)
  3 kobolds (D:1)
  A ball python (D:1)
  2 rats (D:1)
20 creatures vanquished.

Notes
Turn   | Place    | Note
-------+----------+-------------------------------------------
     0 | D:1      | Kaname the Demonspawn Skald began the quest for the Orb.
     0 | D:1      | Reached XP level 1. HP: 16/16 MP: 3/3
   348 | D:1      | Gained mutation: Your flesh is cold resistant. (rC+) [demonic ancestry]
   348 | D:1      | Reached XP level 2. HP: 22/22 MP: 5/5
   379 | D:1      | Reached skill level 3 in Charms
   855 | D:1      | Gained mutation: You have large cloven feet. [demonic ancestry]
   855 | D:1      | Reached XP level 3. HP: 24/27 MP: 6/6
   856 | D:1      | Quit the game

Vault maps used:
D:1:      lightli_arrival_statue_moat

Skill      XL: |  1  2 |
---------------+-------+-----
Polearms       | 2 |  2.9
Charms         | 3 |  3.0
Fighting       | |  2.0
Armour         | |  0.8
Dodging        | |  1.7
Spellcasting   | |  2.0

Action                   || total
-------------------------++-------
Melee: Spear             ||   114
 Stab: Sleeping          ||     1
Armor: Leather armour    ||    30
Dodge: Dodged            ||    57
